[Event "Titled Tuesday Blitz April 19 Late 2022"]
[White "Przybylski, Wojciech"]
[Black "Pinheiro, Iung Alicio de O."]
[WhiteFideId "1117599"]
[BlackFideId "2104350"]
[WhiteElo "2133"]
[BlackElo "2594"]
[Result "0-1"]
[Round "11"]
[TimeControl "180+1"]
[Date "2022.04.19"]
[WhiteClock "0:00:08"]
[BlackClock "0:00:10"]

1. e4 c5 2. Nf3 Nc6 3. d4 cxd4 4. Nxd4 Nf6 5. Nc3 e5 6. Ndb5 d6 7. Bg5 a6 8. Bxf6 gxf6 9. Na3 b5 10. Nd5 Bg7 11. g3 Ne7 12. Bg2 O-O 13. O-O Nxd5 14. Qxd5 Be6 15. Qd3 Rc8 16. c3 Qd7 17. Rfd1 Rfd8 18. Nc2 Bh6 19. Nb4 Qb7 20. Qf3 Bg7 21. Bf1 f5 22. Bg2 fxe4 23. Qxe4 Qxe4 24. Bxe4 a5 25. Nc6 Rd7 26. Nxa5 d5 27. Bd3 b4 28. Bb5 Rdc7 29. cxb4 e4 30. Rab1 Rc2 31. Nc6 R8xc6 32. Bxc6 Rxc6 33. b5 Rb6 34. a4 d4 35. Rdc1 Bf8 36. Rc6 Rb7 37. b4 d3 38. Re1 d2 39. Rd1 Bxb4 40. Kg2 Bb3 41. Rb1 d1=Q 42. Rxd1 Bxd1 43. Rc4 Bf3+ 44. Kh3 Ba5 45. Rc6 Kg7 46. Ra6 Bb4 47. g4 f6 48. Kg3 Bc3 49. h4 Be5+ 50. Kh3 Rc7 51. Rc6 Rb7 52. g5 e3 53. fxe3 Bxc6 54. gxf6+ Kxf6 55. bxc6 Rc7 56. Kg4 Rxc6 57. a5 Ra6 58. Kh5 Rxa5 59. e4 Ra4 60. Kh6 Rxe4 61. h5 Rh4 62. Kxh7 Kf7 63. h6 Bf4 64. Kh8 Rxh6# 0-1


[Site "https://www.chess.com"]

[Event "Titled Tuesday Blitz April 19 Late 2022"]
[White "Romanchuk, Viktor"]
[Black "Miszler, Levente"]
[WhiteFideId "14109271"]
[BlackFideId "763276"]
[WhiteElo "2535"]
[BlackElo "2423"]
[Result "1-0"]
[Round "11"]
[TimeControl "180+1"]
[Date "2022.04.19"]
[WhiteClock "0:00:17"]
[BlackClock "0:00:05"]

1. d4 Nf6 2. c4 g6 3. Nc3 Bg7 4. Nf3 d6 5. g3 O-O 6. Bg2 Nbd7 7. O-O e5 8. e4 exd4 9. Nxd4 Nc5 10. h3 Ne6 11. Be3 Nxd4 12. Bxd4 Nd7 13. Re1 Nc5 14. Nd5 Ne6 15. Bxg7 Kxg7 16. Qd2 c6 17. Qc3+ f6 18. Ne3 Qe7 19. Nf5+ gxf5 20. exf5 Qf7 21. fxe6 Bxe6 22. b3 d5 23. cxd5 Bxd5 24. Bxd5 Qxd5 25. Rad1 Qf5 26. Rd4 Rae8 27. Rg4+ Kh8 28. Rxe8 Rxe8 29. Rf4 Qe5 30. Qxe5 Rxe5 31. Rxf6 Re2 32. Rf7 Rxa2 33. Rxb7 a5 34. Rc7 Rb2 35. Rxc6 Rxb3 36. Ra6 Ra3 37. Ra7 Ra1+ 38. Kg2 a4 39. g4 a3 40. f4 a2 41. f5 Kg8 42. g5 Kf8 43. h4 Kg8 44. h5 Kf8 45. g6 hxg6 46. fxg6 Rb1 47. Rxa2 Rb5 48. Ra8+ Kg7 49. Ra7+ Kg8 50. Rh7 Rb6 51. Kg3 Ra6 52. Kg4 Ra4+ 53. Kg5 Ra5+ 54. Kh6 Ra6 55. Rg7+ Kh8 56. Rb7 Ra8 57. Re7 Rb8 58. Kg5 Ra8 59. Kf6 Rb8 60. Kf7 Rf8+ 61. Ke6 Ra8 62. Rd7 Ra6+ 63. Ke7 Kg7 64. Ke8+ Kg8 65. Rh7 Re6+ 66. Kd7 Re5 67. Kd6 Re1 68. Re7 Rd1+ 69. Ke6 Rh1 70. Kf6 Rf1+ 71. Kg5 Rf8 72. h6 Ra8 73. h7+ Kh8 74. Kh6 Rg8 75. g7+ Rxg7 76. Re8+ Rg8 77. Rxg8# 1-0


[Site "https://www.chess.com"]

[Event "Titled Tuesday Blitz April 19 Late 2022"]
[White "Rosen, Eric"]
[Black "Goryachkina, Aleksandra"]
[WhiteFideId "2032562"]
[BlackFideId "4147103"]
[WhiteElo "2362"]
[BlackElo "2426"]
[Result "0-1"]
[Round "11"]
[TimeControl "180+1"]
[Date "2022.04.19"]
[WhiteClock "0:00:02"]
[BlackClock "0:00:07"]

1. d4 Nf6 2. Bf4 b6 3. c4 Bb7 4. Nf3 e6 5. e3 Be7 6. Nc3 Nh5 7. Bg3 Nxg3 8. hxg3 h6 9. Qc2 d6 10. O-O-O Nd7 11. Kb1 a6 12. Be2 c5 13. d5 e5 14. g4 Qc7 15. g5 O-O-O 16. Qf5 Bxg5 17. Nxg5 hxg5 18. Qxg5 g6 19. Qe7 Nb8 20. Qf6 Rhf8 21. Rh7 Nd7 22. Bg4 Kb8 23. Bxd7 Qxd7 24. Ne4 b5 25. cxb5 axb5 26. f3 b4 27. Ng5 c4 28. Ne6 Qa4 29. Rc1 fxe6 30. Qe7 Bxd5 31. e4 Bc6 32. Qc7+ Ka8 33. Rxc4 Rc8 34. Qb6 Bxe4+ 35. fxe4 Qd1+ 36. Rc1 Qxc1# 0-1


[Site "https://www.chess.com"]

[Event "Titled Tuesday Blitz April 19 Late 2022"]
[White "Rytenko, Vsevolod"]
[Black "Zhao, Jun"]
[WhiteFideId "14133040"]
[BlackFideId "8602522"]
[WhiteElo "2120"]
[BlackElo "2547"]
[Result "0-1"]
[Round "11"]
[TimeControl "180+1"]
[Date "2022.04.19"]
[WhiteClock "0:01:40"]
[BlackClock "0:01:50"]

1. d4 Nf6 2. Bg5 d5 3. Bxf6 exf6 4. g3 Bd6 5. Bg2 c6 6. e3 O-O 7. Ne2 Nd7 8. O-O f5 9. Nd2 Nf6 10. c4 Be6 11. Qc2 Re8 12. Rab1 a5 13. c5 Bc7 14. a3 h5 15. b4 axb4 16. axb4 Bd7 17. b5 h4 18. Nf3 hxg3 19. hxg3 Ne4 20. bxc6 bxc6 21. Rb7 Bc8 22. Rb2 Ba6 23. Rfb1 Bxe2 24. Qxe2 Nc3 25. Qd3 Nxb1 26. Qxb1 g6 27. Ne1 Rb8 28. Nd3 Rxb2 29. Qxb2 Qb8 30. Qc2 Qb5 31. Bf1 Qb7 32. Qc3 Rb8 33. Qb4 Qxb4 0-1


[Site "https://www.chess.com"]

[Event "Titled Tuesday Blitz April 19 Late 2022"]
[White "Saldano Dayer, Horacio"]
[Black "Gatterer, Florian"]
[WhiteFideId "103411"]
[BlackFideId "811688"]
[WhiteElo "2419"]
[BlackElo "2218"]
[Result "1-0"]
[Round "11"]
[TimeControl "180+1"]
[Date "2022.04.19"]
[WhiteClock "0:00:41"]
[BlackClock "0:00:02"]

1. d4 Nf6 2. Bg5 d5 3. Nd2 c5 4. dxc5 Nc6 5. c3 a5 6. Ngf3 h6 7. Bxf6 gxf6 8. e4 d4 9. Bc4 e6 10. cxd4 Nxd4 11. Nxd4 Qxd4 12. Bb5+ Bd7 13. Bxd7+ Qxd7 14. O-O Bxc5 15. Qh5 Qd4 16. Nb3 Qxb2 17. Qxc5 a4 18. Nd4 Rd8 19. Nb5 Qe5 20. Qxe5 fxe5 21. Rad1 O-O 22. Nc3 a3 23. Nb5 Ra8 24. Rd3 Ra4 25. f3 Rfa8 26. Rb1 Kg7 27. Rbb3 Rc8 28. Rdc3 Rd8 29. Rd3 Rc8 30. Rbc3 Rac4 31. Rxc4 Rxc4 32. Nxa3 Rc1+ 33. Kf2 Ra1 34. Rd2 Rc1 35. Rb2 Rc3 36. Nc2 h5 37. h4 Kf6 38. Ne3 Ra3 39. Nf1 b5 40. Ng3 Kg6 41. Rxb5 Rxa2+ 42. Kg1 f6 43. Rb6 Kf7 44. Nxh5 Rd2 45. Ng3 Rd1+ 46. Kh2 Rd7 47. h5 Rc7 48. Ra6 Rb7 49. Nh1 Rc7 50. Nf2 f5 51. exf5 exf5 52. h6 Kg8 53. g4 fxg4 54. Nxg4 e4 55. fxe4 Kh8 56. Kg3 Rf7 57. Kh4 Kh7 58. e5 Kh8 59. Rd6 Kh7 60. e6 Rf1 61. Rd7+ 1-0


[Site "https://www.chess.com"]

[Event "Titled Tuesday Blitz April 19 Late 2022"]
[White "Schekachikhin, Maksim"]
[Black "Leiva, Gianmarco"]
[WhiteFideId "24177830"]
[BlackFideId "3804399"]
[WhiteElo "2230"]
[BlackElo "2323"]
[Result "0-1"]
[Round "11"]
[TimeControl "180+1"]
[Date "2022.04.19"]
[WhiteClock "0:01:01"]
[BlackClock "0:00:03"]

1. d4 Nf6 2. c4 e6 3. Nc3 Bb4 4. e3 O-O 5. Bd3 d5 6. Nf3 dxc4 7. Bxc4 c5 8. O-O cxd4 9. exd4 b6 10. Bg5 Bb7 11. Qe2 Nbd7 12. Ne5 Bxc3 13. bxc3 Qc7 14. Nxd7 Nxd7 15. Rac1 Qc6 16. f4 h6 17. Bh4 Rfe8 18. Bd3 Nf6 19. Bxf6 gxf6 20. Qg4+ Kf8 21. Rc2 Ke7 22. Re1 Rg8 23. Qh3 Rg7 24. f5 Rag8 25. Be4 Qxe4 26. Rxe4 Bxe4 27. Re2 Bxg2 28. Rxg2 Rxg2+ 29. Qxg2 Rxg2+ 30. Kxg2 e5 31. Kf3 exd4 32. cxd4 Kd6 33. Ke4 b5 34. d5 Kc5 35. h4 h5 36. a3 a5 0-1


[Site "https://www.chess.com"]

[Event "Titled Tuesday Blitz April 19 Late 2022"]
[White "Sernecki, Franciszek"]
[Black "Kazakouski, Valery"]
[WhiteFideId "1169297"]
[BlackFideId "13507443"]
[WhiteElo "2165"]
[BlackElo "2524"]
[Result "0-1"]
[Round "11"]
[TimeControl "180+1"]
[Date "2022.04.19"]
[WhiteClock "0:00:03"]
[BlackClock "0:00:25"]

1. d4 Nf6 2. c4 e6 3. Nf3 d5 4. Nc3 a6 5. cxd5 exd5 6. Bg5 Be6 7. e3 Nbd7 8. Bd3 Bd6 9. O-O h6 10. Bf4 Qe7 11. Qc2 O-O 12. Rfe1 Rfe8 13. h3 c6 14. a3 a5 15. Rad1 g5 16. Bxd6 Qxd6 17. Bf5 Kg7 18. Ne2 Bxf5 19. Qxf5 Ne4 20. h4 Qe6 21. Qxe6 Rxe6 22. hxg5 hxg5 23. Nc3 Ndf6 24. Nxe4 Nxe4 25. Nd2 Nd6 26. g3 Rh8 27. Kg2 Reh6 28. Rh1 Rxh1 29. Rxh1 Rxh1 30. Kxh1 Kg6 31. Kg2 Kf5 32. Kf3 g4+ 33. Ke2 a4 34. Kd3 b6 35. Nb1 Nc4 36. Nc3 Nxb2+ 37. Kc2 Nc4 38. Nxa4 Nxa3+ 39. Kd3 Nc4 40. Nc3 Ke6 41. e4 f6 42. Ne2 b5 43. Nf4+ Kd6 44. exd5 cxd5 45. Nh5 Ke7 46. Nf4 Nb6 47. Kc3 Kd6 48. Kb4 Kc6 49. Nh5 Nd7 50. Ng7 Nf8 51. Ne8 Nh7 52. Ng7 Ng5 53. Nf5 Nh3 54. Ne7+ Kd6 55. Nf5+ Ke6 56. Ne3 Nxf2 57. Kxb5 f5 58. Kc5 Ne4+ 59. Kc6 Nxg3 60. Nxd5 Ne4 61. Nf4+ Kf6 0-1


[Site "https://www.chess.com"]

[Event "Titled Tuesday Blitz April 19 Late 2022"]
[White "Shimanov, Aleksandr"]
[Black "Sowa, Ryan"]
[WhiteFideId "4198603"]
[BlackFideId "30901693"]
[WhiteElo "2636"]
[BlackElo "2633"]
[Result "1-0"]
[Round "11"]
[TimeControl "180+1"]
[Date "2022.04.19"]
[WhiteClock "0:00:32"]
[BlackClock "0:00:09"]

1. b3 Nf6 2. Bb2 g6 3. g3 Bg7 4. Nf3 O-O 5. Bg2 c5 6. O-O Nc6 7. c4 d6 8. d4 cxd4 9. Nxd4 Bd7 10. Nc3 Nxd4 11. Qxd4 Bc6 12. Nd5 Bxd5 13. Bxd5 Nh5 14. Qd2 Bxb2 15. Qxb2 Qc7 16. Rac1 Nf6 17. Bf3 Rab8 18. h4 h5 19. Rfd1 b6 20. b4 a5 21. a3 Rfc8 22. Qd4 Qa7 23. Ra1 Rc7 24. b5 Rbc8 25. Bc6 Nd7 26. f4 Nb8 27. Bd5 e6 28. Bf3 Rxc4 29. Qxd6 R4c7 30. Ra2 Nd7 31. Rad2 Nc5 32. Qe5 Re7 33. Bc6 Qc7 34. Qf6 Rf8 35. Kh2 a4 36. Rd6 Kh7 37. e4 Kg8 38. e5 Kh7 39. Kh3 Kg8 40. g4 hxg4+ 41. Kxg4 Kh7 42. Kg5 Rg8 43. Kg4 Nb7 44. Rd7 Rxd7 45. Rxd7 Qxd7 46. Bxd7 Rg7 47. Bc6 Nc5 48. Qd8 Nb3 49. Qxb6 Nd2 50. Qd4 Nb3 51. Qxa4 Na5 52. Kh3 Nb7 53. Bh1 Rg8 54. Qa7 Ra8 55. Qxa8 Kg7 56. Qxb7 Kh7 57. Qxf7+ Kh6 58. Bf3 g5 59. fxg5# 1-0


[Site "https://www.chess.com"]

[Event "Titled Tuesday Blitz April 19 Late 2022"]
[White "Sjugirov, Sanan"]
[Black "Kosteniuk, Alexandra"]
[WhiteFideId "4189302"]
[BlackFideId "4128125"]
[WhiteElo "2602"]
[BlackElo "2469"]
[Result "1-0"]
[Round "11"]
[TimeControl "180+1"]
[Date "2022.04.19"]
[WhiteClock "0:01:07"]
[BlackClock "0:00:24"]

1. d4 Nf6 2. Nf3 d5 3. Bf4 c5 4. e3 Nc6 5. Nbd2 cxd4 6. exd4 Bf5 7. c3 a6 8. Nh4 Bg4 9. Qb3 Na5 10. Qc2 h6 11. h3 Bd7 12. Nhf3 g5 13. Bh2 Bg7 14. Bd3 Rc8 15. O-O Nc6 16. Qd1 O-O 17. Re1 b5 18. Ne5 Be6 19. Qe2 Nxe5 20. Bxe5 Qb6 21. a3 a5 22. Bxb5 Ne4 23. Bxg7 Kxg7 24. a4 Bf5 25. f3 Nxd2 26. Qxd2 e6 27. Re3 Rc7 28. Rae1 Bg6 29. Re5 Rd8 30. h4 gxh4 31. Qf4 Rd6 32. Qxh4 f6 33. R5e3 Re7 34. Kh1 Bf5 35. f4 Rf7 36. Rg3+ Kh7 37. Kh2 Rd8 38. Rh1 Qd6 39. Qxh6+ Kxh6 40. Kg1+ Bh3 41. Rhxh3# 1-0


[Site "https://www.chess.com"]

[Event "Titled Tuesday Blitz April 19 Late 2022"]
[White "Soysal, Serkan"]
[Black "Korchmar, Vasiliy"]
[WhiteFideId "6349250"]
[BlackFideId "24131750"]
[WhiteElo "2440"]
[BlackElo "2370"]
[Result "0-1"]
[Round "11"]
[TimeControl "180+1"]
[Date "2022.04.19"]
[WhiteClock "0:00:04"]
[BlackClock "0:01:16"]

1. d4 Nf6 2. Nf3 d5 3. c4 c6 4. e3 e6 5. Bd3 Nbd7 6. O-O Bd6 7. Nbd2 e5 8. e4 O-O 9. cxd5 cxd5 10. exd5 exd4 11. Nc4 Bc5 12. Bg5 h6 13. Bh4 b5 14. Nce5 Nxe5 15. Nxe5 Qxd5 16. Bxf6 gxf6 17. Ng4 Qg5 18. h3 Bb7 19. f4 Qg7 20. Qb3 a6 21. Rac1 Rac8 22. Rf2 h5 23. Nh2 Bd6 24. Rxc8 Rxc8 25. Rc2 Re8 0-1


[Site "https://www.chess.com"]

[Event "Titled Tuesday Blitz April 19 Late 2022"]
[White "Tanenbaum, Zachary"]
[Black "Reprintsev, Alexander"]
[WhiteFideId "2060850"]
[BlackFideId "14100541"]
[WhiteElo "2168"]
[BlackElo "2108"]
[Result "0-1"]
[Round "11"]
[TimeControl "180+1"]
[Date "2022.04.19"]
[WhiteClock "0:00:02"]
[BlackClock "0:00:19"]

1. e4 d5 2. exd5 Qxd5 3. Nc3 Qa5 4. d4 Nf6 5. Nf3 Nc6 6. Bb5 Ne4 7. Bxc6+ bxc6 8. Qd3 Nxc3 9. bxc3 Bf5 10. Qc4 Qb5 11. Qb3 e6 12. c4 Qxb3 13. cxb3 c5 14. Be3 cxd4 15. Nxd4 Be4 16. f3 Bb7 17. Nb5 Bd6 18. Rd1 Ke7 19. c5 Be5 20. f4 a6 21. fxe5 axb5 22. O-O Bd5 23. Bg5+ Ke8 24. Rd2 h6 25. Bh4 g5 26. Bg3 Ke7 27. Rf6 Rh7 28. h4 Rg8 29. Be1 Kd7 30. Rdf2 Rgg7 31. hxg5 hxg5 32. a4 bxa4 33. bxa4 Kc6 34. Bb4 g4 35. Rb2 Rg5 36. Bc3 g3 37. Be1 Rhg7 38. Rc2 Rxe5 39. Bc3 Re4 40. Rf1 Rh7 41. Rd2 Reh4 0-1


[Site "https://www.chess.com"]

[Event "Titled Tuesday Blitz April 19 Late 2022"]
[White "Timofeev, Artyom"]
[Black "Tregubov, Pavel V."]
[WhiteFideId "4140419"]
[BlackFideId "4115341"]
[WhiteElo "2594"]
[BlackElo "2341"]
[Result "1-0"]
[Round "11"]
[TimeControl "180+1"]
[Date "2022.04.19"]
[WhiteClock "0:00:22"]
[BlackClock "0:00:01"]

1. e4 e5 2. Nf3 Nf6 3. Nxe5 d6 4. Nf3 Nxe4 5. Qe2 Qe7 6. d3 Nf6 7. Bg5 Nbd7 8. Nc3 c6 9. O-O-O Qxe2 10. Bxe2 h6 11. Bd2 d5 12. h3 Bd6 13. g4 Nc5 14. Rdg1 Ne6 15. Bd1 Bd7 16. Ne2 O-O-O 17. Nfd4 Nxd4 18. Nxd4 g6 19. c3 Rde8 20. Kc2 h5 21. Bg5 Nh7 22. Be3 hxg4 23. hxg4 Nf6 24. Rxh8 Rxh8 25. Bg5 Ne8 26. Kd2 Rh2 27. Ke1 Ng7 28. Bf6 Ne8 29. Bg5 Nc7 30. Be3 Rh3 31. b4 Ne6 32. Nxe6 Bxe6 33. Kd2 b6 34. Bb3 Kd7 35. a4 c5 36. bxc5 bxc5 37. Bc2 Kc6 38. a5 Be5 39. Ba4+ Kd6 40. d4 cxd4 41. cxd4 Bf6 42. g5 Bd8 43. a6 Ba5+ 44. Ke2 Bc8 45. Bb5 Bb6 46. Rc1 Bg4+ 47. Kd2 Ba5+ 48. Kc2 Rh8 49. Kb3 Rc8 50. Bf4+ Ke7 51. Rxc8 Bxc8 52. Be5 Bb6 53. Kb4 Ke6 54. Bf1 1-0


[Site "https://www.chess.com"]

[Event "Titled Tuesday Blitz April 19 Late 2022"]
[White "Vlassov, Nikolai"]
[Black "Sarana, Alexey"]
[WhiteFideId "4103360"]
[BlackFideId "24133795"]
[WhiteElo "2407"]
[BlackElo "2666"]
[Result "1-0"]
[Round "11"]
[TimeControl "180+1"]
[Date "2022.04.19"]
[WhiteClock "0:01:37"]
[BlackClock "0:02:02"]

1. e4 c5 2. c3 d5 3. exd5 Qxd5 4. d4 Nf6 5. Nf3 Nc6 6. Be3 cxd4 7. cxd4 e6 8. a3 Be7 9. Nc3 Qd6 10. Qc2 O-O 11. Bd3 Bd7 12. O-O Rac8 13. Qd2 Rfd8 14. Bf4 Nxd4 15. Bxd6 Nxf3+ 16. gxf3 Bxd6 17. Bxh7+ Nxh7 18. Qxd6 Bc6 19. Qf4 Rd3 20. Ne4 Rcd8 21. Rac1 f5 22. Ng5 R8d4 23. Qg3 Nxg5 24. Qxg5 Rxf3 25. Rxc6 bxc6 26. Kh1 Rh3 27. Rg1 Rd7 28. Qg6 Re7 29. Qf6 Rf7 30. Qxe6 Rh6 31. Qxh6 1-0


[Site "https://www.chess.com"]

[Event "Titled Tuesday Blitz April 19 Late 2022"]
[White "Vusatiuk, Vladimir"]
[Black "Lock, Gavin R"]
[WhiteFideId "14118610"]
[BlackFideId "408646"]
[WhiteElo "2511"]
[BlackElo "2293"]
[Result "1-0"]
[Round "11"]
[TimeControl "180+1"]
[Date "2022.04.19"]
[WhiteClock "0:00:05"]
[BlackClock "0:00:01"]

1. d4 d5 2. c4 e6 3. Nc3 a6 4. cxd5 exd5 5. Nf3 Nf6 6. Bg5 Be6 7. Bxf6 Qxf6 8. Qb3 Ra7 9. g3 Qd8 10. Bg2 c6 11. O-O Be7 12. a4 a5 13. Qc2 O-O 14. Rfe1 Na6 15. e4 Nb4 16. Qe2 dxe4 17. Nxe4 Ra8 18. h4 h6 19. Nc5 Bxc5 20. dxc5 Bd5 21. Rad1 Re8 22. Qf1 Qf6 23. Nd4 Bxg2 24. Kxg2 Rxe1 25. Qxe1 Rd8 26. Nb3 Rxd1 27. Qxd1 Qxb2 28. Qd8+ Kh7 29. Nxa5 Nd5 30. Qd7 Qb4 31. Nxb7 Qxa4 32. Qxf7 Qe4+ 33. Qf3 Qc2 34. Nd6 Kh8 35. Nf7+ Kh7 36. Ne5 Nb4 37. h5 Nd5 38. Nxc6 Qxc5 39. Ne5 Qd6 40. Qf5+ Kh8 41. Nf7+ 1-0


[Site "https://www.chess.com"]

[Event "Titled Tuesday Blitz April 19 Late 2022"]
[White "Wagner, Dennis"]
[Black "Jobava, Baadur"]
[WhiteFideId "24650684"]
[BlackFideId "13601520"]
[WhiteElo "2355"]
[BlackElo "2617"]
[Result "0-1"]
[Round "11"]
[TimeControl "180+1"]
[Date "2022.04.19"]
[WhiteClock "0:00:01"]
[BlackClock "0:00:50"]

1. e4 e6 2. d4 d5 3. Nc3 dxe4 4. Nxe4 Bd7 5. Nf3 Bc6 6. Bd3 Nd7 7. O-O Ngf6 8. Ng3 g6 9. b3 Bg7 10. Ba3 Bf8 11. Bxf8 Kxf8 12. c4 h5 13. Re1 Bxf3 14. Qxf3 c6 15. h3 Kg7 16. Rad1 a5 17. Ne2 a4 18. b4 h4 19. Nf4 Nf8 20. b5 cxb5 21. d5 exd5 22. cxd5 Qd6 23. Bxb5 Ra5 24. Be8 g5 25. Ne6+ fxe6 26. dxe6 Qe7 27. Bf7 g4 28. hxg4 Rg5 29. Rd4 b5 30. a3 N8h7 31. Rf4 Rd8 32. Rf5 Rxg4 33. Rxb5 Ng5 34. Qe3 Nxf7 35. exf7 Qxe3 36. Rxe3 Kxf7 37. Rb7+ Kg6 38. Rb6 Rf4 39. Ra6 Rd1+ 40. Kh2 Rxf2 41. Rxa4 Rdd2 42. Rxh4 Rxg2+ 43. Kh1 Ng4 44. Re4 Kf5 45. Rb4 Ne3 46. Rhf4+ Kg5 47. Rfd4 Rh2+ 48. Kg1 Rdg2# 0-1


[Site "https://www.chess.com"]

[Event "Titled Tuesday Blitz April 19 Late 2022"]
[White "Yedidia, Daniel"]
[Black "Hambleton, Aman"]
[WhiteFideId "30905907"]
[BlackFideId "2606577"]
[WhiteElo "2632"]
[BlackElo "2552"]
[Result "0-1"]
[Round "11"]
[TimeControl "180+1"]
[Date "2022.04.19"]
[WhiteClock "0:00:01"]
[BlackClock "0:00:04"]

1. d4 e5 2. d5 Bc5 3. Nc3 d6 4. e4 f5 5. Bd3 f4 6. Nf3 a6 7. Bd2 Nf6 8. h3 O-O 9. Qe2 Nbd7 10. Ng5 Nb6 11. g3 Nfxd5 12. exd5 Qxg5 13. Ne4 Qh6 14. b4 Bd4 15. c3 Bxf2+ 16. Qxf2 Nxd5 17. Bc4 Be6 18. g4 b5 19. Bb3 Qg6 20. Qf3 c6 21. Nxd6 Rad8 22. Ne4 Ne3 23. Bxe3 Bxb3 24. axb3 Rd3 25. O-O Rxe3 26. Qg2 Rxe4 27. Rxa6 Re3 28. Rxc6 Qd3 29. Kh2 Rg3 30. Qf2 Rxh3+ 31. Kg2 Rg3+ 32. Kh2 Qd7 33. Rc5 Qxg4 0-1


[Site "https://www.chess.com"]

[Event "Titled Tuesday Blitz April 19 Late 2022"]
[White "Zherebtsova, Alexandra"]
[Black "Kujawski, Adam"]
[WhiteFideId "24129518"]
[BlackFideId "1100920"]
[WhiteElo "2025"]
[BlackElo "2053"]
[Result "1-0"]
[Round "11"]
[TimeControl "180+1"]
[Date "2022.04.19"]
[WhiteClock "0:00:04"]
[BlackClock "0:00:01"]

1. d4 Nf6 2. Nf3 c5 3. d5 e6 4. Nc3 exd5 5. Nxd5 Nxd5 6. Qxd5 Be7 7. e4 Nc6 8. Ng5 O-O 9. Bc4 Qe8 10. c3 d6 11. O-O Bxg5 12. Qxg5 Be6 13. Be2 f5 14. exf5 Rxf5 15. Qg3 Ne5 16. f4 Nc6 17. Bg4 Rf6 18. f5 Bd5 19. Bg5 Rf7 20. Qxd6 Qe5 21. Qxe5 Nxe5 22. Bh3 Bc6 23. Rfe1 Nd3 24. Re2 Re8 25. Rxe8+ Bxe8 26. b3 b5 27. c4 bxc4 28. bxc4 Ba4 29. Rb1 Rc7 30. Rb8+ Kf7 31. Bg4 Bc6 32. Bh5+ g6 33. fxg6+ hxg6 34. Be2 Ne5 35. Rh8 Ke6 36. h3 Kf5 37. Bd2 Rd7 38. Be1 Re7 39. Bf1 Nf3+ 40. gxf3 Rxe1 41. Rf8+ Kg5 42. f4+ Kh4 43. Kf2 Ra1 44. Rf6 Kh5 45. Rxc6 Rxa2+ 46. Kg1 Kh4 47. Rxc5 1-0


[Site "https://www.chess.com"]

[Event "Titled Tuesday Blitz April 19 Late 2022"]
[White "Zhou, Qiyu"]
[Black "Petrova, Irina"]
[WhiteFideId "505161"]
[BlackFideId "14124122"]
[WhiteElo "1925"]
[BlackElo "1993"]
[Result "0-1"]
[Round "11"]
[TimeControl "180+1"]
[Date "2022.04.19"]
[WhiteClock "0:00:31"]
[BlackClock "0:00:45"]

1. e4 c5 2. Nf3 Nc6 3. d4 cxd4 4. Nxd4 Nf6 5. Nc3 e5 6. Ndb5 d6 7. Bg5 a6 8. Na3 b5 9. Nd5 Be7 10. Bxf6 Bxf6 11. c3 O-O 12. Nc2 Bg5 13. h4 Bh6 14. g3 Ne7 15. Bh3 Bxh3 16. Rxh3 f5 17. Nxe7+ Qxe7 18. Qd5+ Kh8 19. Rd1 fxe4 20. Qxd6 Qf7 21. Rh2 e3 22. Qd5 exf2+ 23. Kf1 Qg6 24. Qd3 e4 25. Qd6 Qg4 26. Rxf2 Rxf2+ 27. Kxf2 Qf3+ 28. Kg1 Rf8 29. Ne1 Qf1+ 30. Kh2 Rf2+ 0-1


[Site "https://www.chess.com"]

[Event "Titled Tuesday Blitz April 19 Late 2022"]
[White "Zong, Davis"]
[Black "Romero Ruscalleda, Josep"]
[WhiteFideId "30903955"]
[BlackFideId "2231859"]
[WhiteElo "2061"]
[BlackElo "2307"]
[Result "1-0"]
[Round "11"]
[TimeControl "180+1"]
[Date "2022.04.19"]
[WhiteClock "0:00:09"]
[BlackClock "0:00:03"]

1. d4 g6 2. e4 Bg7 3. Nc3 d6 4. Be3 a6 5. a4 Nc6 6. Qd2 e5 7. d5 Nce7 8. h4 f5 9. f3 Nf6 10. Bh6 Bxh6 11. Qxh6 Nh5 12. Nge2 f4 13. g4 fxg3 14. O-O-O Ng8 15. Qe3 Qf6 16. Kb1 Ne7 17. Bh3 Bxh3 18. Rxh3 Nf4 19. Rxg3 Qxh4 20. Rg4 Qh2 21. Nxf4 exf4 22. Rxf4 Rf8 23. Rxf8+ Kxf8 24. f4 Kg8 25. e5 Nf5 26. Qe4 Re8 27. e6 Qf2 28. Qb4 b6 29. Ne4 Qe2 30. Re1 Qf3 31. Nf6+ Kf8 32. Nxe8 Kxe8 33. Qc4 Qf2 34. Rh1 1-0